 Dungeon Crawl Stone Soup version 0.31-a0-339-gda1cbd555d (webtiles) character file.

Game seed: 3565514931731587038

204 LeprechaunX the Ruffian (level 5, -2/34 HPs)
             Began as an Octopode Shapeshifter on July 20, 2023.
             Slain by Edmund
             ... wielding a +3 flail of protection
              (11 damage)
             ... on level 5 of the Dungeon.
             The game lasted 00:03:05 (1673 turns).

LeprechaunX the Ruffian (Octopode Shapeshifter)     Turns: 1673, Time: 00:03:05

Health: -2/34      AC:  1    Str: 16    XL:     5   Next: 82%
Magic:  5/5        EV: 13    Int: 11    God:
Gold:   62         SH:  0    Dex: 12    Spells: 4/4 levels left

rFire   . .          .
                       - Unarmed
rCold   + . .        (no shield)
rNeg    . . .        (helmet currently unavailable)
rPois   .            (no amulet)
rElec   .            f - ring of protection from cold
rCorr   .            (no ring)
SInv    .            (no ring)
Will    .....        (no ring)
Stlth   ++           (no ring)
HPRegen 0.25/turn    (no ring)
MPRegen 0.09/turn    (no ring)
                     (no ring)

%: no passive effects
@: beast-form
A: beast (slay +2), almost no armour, amphibious, 8 rings, camouflage 1,
gelatinous body 1, (nimble swimmer 1), tentacles
a: Begin Untransformation


You were on level 5 of the Dungeon.
You were a hulking beast.
You visited 1 branch of the dungeon, and saw 5 of its levels.

You collected 62 gold pieces.

Inventory:

Missiles
 g - 6 boomerangs (quivered)
Jewellery
 f - a ring of protection from cold (left tentacle)
 l - a ring of protection from cold
Talismans
 b - a beast talisman
Wands
 o - a wand of light (2)
Scrolls
 d - a scroll of blinking {unknown}
 h - a scroll of teleportation {unknown}
 i - 2 scrolls of identify {unknown}
 k - a scroll of acquirement {unknown}
 n - a scroll of poison {unknown}
Potions
 a - a potion of lignification
 c - a potion of heal wounds {unknown}
 e - a potion of invisibility {unknown}
 j - a potion of berserk rage {unknown}
 m - a potion of curing {unknown}
 p - a potion of degeneration {unknown}


   Skills:
 + Level 2.2 Fighting
 + Level 2.9 Dodging
 * Level 4.3 Unarmed Combat
 * Level 4.0 Shapeshifting


You had 4 spell levels left.
You didn't know any spells.
Your spell library contained the following spells:

 Spells                   Type           Power      Damage    Failure   Level
 Magic Dart               Conj           0%         1d3       34%         1
 Blink                    Tloc           0%         N/A       47%         2
 Call Imp                 Summ           0%         N/A       47%         2
 Lesser Beckoning         Tloc           0%         N/A       47%         2
 Momentum Strike          Conj/Tloc      0%         3d8       47%         2
 Searing Ray              Conj           0%         2d4       47%         2
 Hailstorm                Conj/Ice       0%         3d3       71%         3
 Mephitic Cloud           Conj/Pois/Air  0%         N/A       71%         3
 Summon Guardian Golem    Hex/Summ       0%         N/A       71%         3
 Fulminant Prism          Conj/Hex       0%         3d5       98%         4
 Summon Ice Beast         Ice/Summ       0%         N/A       98%         4
 Simulacrum               Ice/Necr       0%         N/A       100%        6
 Orb of Destruction       Conj           0%         9d5       100%        7
 Spellforged Servitor     Conj/Summ      0%         N/A       100%        7


Dungeon Overview and Level Annotations

Branches:
Dungeon (6/15)
 Temple: D:4-7

Altars:
Okawaru

Shops:
D:1 =*(=

Annotations:
D:5 Edmund


Innate Abilities, Weirdness & Mutations

You are a hulking beast.
Your limbs bulge with bestial killing power. (Slay +2)
You cannot wear most types of armour.
You are amphibious.
You can wear up to eight rings at the same time.
Your skin changes colour to match your surroundings (Stealth+).
Your rubbery body absorbs attacks. (AC +1, EV +1)
((You are camouflaged when in or above water. (Stealth+)))
You have tentacles for arms and can constrict up to eight enemies at once.


Message History

The white imp gestures at you. The puff of frost misses you.
You tentacle-slap the white imp. Your squeeze misses the white imp.
The white imp is moderately wounded.
You constrict the white imp. The white imp closely misses you.
You tentacle-slap the white imp.
The white imp is severely wounded.
You constrict the white imp, but do no damage.
The white imp gestures at you. The puff of frost hits you. You resist.
You tentacle-slap the white imp.
You kill the white imp!
No target in view!
No target in view!
You see here 6 stones.
There is a stone staircase leading up here.
You climb upwards.
Level annotation: Edmund Edmund misses you.
The white imp gestures at you. The puff of frost hits you. You resist.
Edmund misses you.
There is a stone staircase leading down here.
You tentacle-slap Edmund. Your grab misses Edmund.
Edmund is lightly wounded.
Edmund hits you with a +3 flail of protection!
The white imp gestures at you. The puff of frost hits you! You resist.
You tentacle-slap Edmund but do no damage.
You grab Edmund.
Your tentacle-slap misses Edmund.
Edmund is lightly wounded.
You constrict Edmund, but do no damage.
Edmund hits you with a +3 flail of protection!
* * * LOW HITPOINT WARNING * * *
The white imp shouts, "Quit, thou mammering beef-witted pimple!"
You tentacle-slap Edmund but do no damage.
You squeeze Edmund.
Edmund is lightly wounded.
You constrict Edmund.
Edmund hits you with a +3 flail of protection!
You die...

##################
#.................
#.################
#.# #.#
###'########
#...@......#
#..h........
#..........#
#..5.......#
##..........#
#...........#
#.รท..#####'##
#....... .
#.........
#.........


You could see Edmund and a white imp.

Vanquished Creatures
  A water moccasin (D:6)
  A hound (D:5)
  A gnoll (D:2)
  An adder (D:6)
  A white imp (D:6)
  2 dart slugs
  6 ball pythons
  2 endoplasms (D:3)
  2 giant cockroaches (D:1)
  2 goblins
  5 hobgoblins
  6 jackals (D:1)
  A bat (D:3)
  2 frilled lizards (D:1)
  2 kobolds (D:1)
  6 rats (D:1)
41 creatures vanquished.

Notes
Turn   | Place    | Note
-------+----------+-------------------------------------------
     0 | D:1      | LeprechaunX the Octopode Shapeshifter began the quest for
                  | the Orb.
     0 | D:1      | Reached XP level 1. HP: 13/13 MP: 1/1
   142 | D:1      | Reached XP level 2. HP: 18/18 MP: 2/2
   238 | D:1      | Found Hamybete's Jewellery Boutique.
   255 | D:1      | Found Ilasm's General Store.
   519 | D:1      | Reached XP level 3. HP: 19/23 MP: 3/3
   542 | D:1      | Found Jacopn's Weapon Shop.
   676 | D:1      | Found Nilasom's Jewellery Shoppe.
  1253 | D:3      | You fall into a shaft and drop 2 floors!
  1253 | D:5      | Entered Level 5 of the Dungeon
  1292 | D:5      | Noticed Edmund
  1297 | D:5      | Reached XP level 4. HP: 29/29 MP: 4/4
  1365 | D:6      | Found an iron altar of Okawaru.
  1396 | D:6      | Noticed a water moccasin
  1411 | D:6      | Killed a water moccasin
  1412 | D:6      | Reached XP level 5. HP: 7/34 MP: 5/5
  1418 | D:6      | HP: 1/34 [poisoned by a water moccasin]
  1673 | D:5      | Slain by Edmund

Illustrated notes

Levels and vault maps discovered:
D:1:      sevenhm_arrival_forest_fort_large_4, layout_loops_ring, serial_shops,
          shop, shop, nicolae_shop_pleasant_corner_grove,
          nicolae_shop_real_fake_doors
D:2:      layout_rooms, minmay_tall_x
D:3:      layout_loops_ring, cheibrodos_sewer_entry_bend, minmay_unequal
D:5:      layout_basic, tso_oasis_becter, kennysheep_generic_room_11,
          uniq_edmund
D:6:      layout_rooms, mainiacjoe_overflow_alcove_1

Skill      XL: |  1  2  3  4 |
---------------+-------------+-----
Fighting       | 2 |  2.2
Unarmed Combat | 4 |  4.3
Shapeshifting  | 4 |  4.0
Dodging        | |  2.9

Action                     |  1- 3 |  4- 6 || total
---------------------------+-------+-------++-------
  Melee: Unarmed           |    65 |    13 ||    78
         Constrict         |    21 |     4 ||    25
         Punch             |     4 |       ||     4
         Tentacles         |     8 |     3 ||    11
   Stab: Sleeping          |     5 |       ||     5
 Armour: Skin              |     3 |       ||     3
  Dodge: Dodged            |    50 |     5 ||    55

Table legend: (Time is in decaauts)
 A = Elapsed time spent in this place.
 B = Non-inter-level travel time spent in this place.
 C = Inter-level travel time spent in this place.
 D = Time resting spent in this place.
 E = Time spent auto-exploring this place.
 F = Levels seen in this place.
 G = Mean time per level.
                   A        B        C        D        E       F      G
               +--------+--------+--------+--------+--------+-----+--------+
         Total |   1666 |   1440 |    226 |    216 |    958 |   5 |  333.2 |
       Dungeon |   1666 |   1440 |    226 |    216 |    958 |   5 |  333.2 |
               +--------+--------+--------+--------+--------+-----+--------+

Top non-repeatable levels by time:
     D:1: 950 daAuts
     D:6: 366 daAuts
     D:3: 269 daAuts
     D:5: 51 daAuts
     D:2: 28 daAuts
